AoeStats
← LethalHubris

Arabia

511170699Analyzed
2v2 RM · 10d ago on Oct 4, 2026· 46m 3s· 4 players
Game mode
Random Map
Map size
Medium (4 player)
Population
200
Speed
Normal
Resources
Standard
Victory
Conquest
Starting age
Dark Age
Ending age
Imperial Age
RankedLock teamsTeams togetherTeam positionsShared explorationLock speedFull tech treeHidden civsTurbo modeCheats
Victory
Defeat
🇺🇸 Wei · United States
1237
+18
🇺🇸 Mongols · United States
1224
+18
vs
🇦🇷 Huns · Argentina
1289
-18
🇦🇷 Sicilians · Argentina
1262
-18
LethalHubris
6:22 Loom
9:40 Feudal Age
10:16 Double-Bit Axe
10:12 Horse Collar
19:21 Castle Age
17:44 Gold Mining
17:47 Fletching
18:23 Padded Archer Armor
18:48 Bloodlines
20:00 Bodkin Arrow
20:17 Bow Saw
21:18 Husbandry
25:39 Thumb Ring
33:31 Imperial Age
32:39 Leather Archer Armor
34:03 Ballistics
33:43 Stone Mining
33:55 Heavy Plow
34:15 Bracer
35:51 Parthian Tactics
39:09 Wheelbarrow
38:24 Town Watch
40:32 Ring Archer Armor
41:04 Chemistry
45:43 Scale Barding Armor
45:48 Forging
45:52 Light Cavalry
46:38 Scale Barding Armor
46:43 Forging
Stonefoot28
2:29 Loom
9:10 Feudal Age
12:05 Double-Bit Axe
12:18 Horse Collar
18:11 Forging
18:08 Scale Barding Armor
19:37 Fletching
19:41 Gold Mining
23:08 Castle Age
21:50 Scale Barding Armor
22:42 Bloodlines
23:20 Wheelbarrow
22:32 Town Watch
23:22 Wheelbarrow
24:42 Chain Barding Armor
25:17 Elite Skirmisher
26:31 Husbandry
27:19 Padded Archer Armor
30:35 Town Patrol
32:02 Bodkin Arrow
32:23 Leather Archer Armor
33:54 Iron Casting
33:58 Hand Cart
38:15 Bow Saw
38:08 Heavy Plow
38:01 Stone Mining
40:26 Thumb Ring
45:15 Imperial Age
46:52 Imperial Age
45:09 Ballistics
45:00 Masonry
Panic Micro & Attack
5:16 Loom
9:35 Feudal Age
14:03 Horse Collar
19:07 Wheelbarrow
22:08 Castle Age
20:42 Fletching
21:34 Bloodlines
23:02 Bodkin Arrow
23:00 Double-Bit Axe
24:30 Padded Archer Armor
25:02 Bow Saw
26:11 Ballistics
28:47 Elite Skirmisher
30:47 Leather Archer Armor
34:21 Imperial Age
34:51 Hand Cart
34:42 Cranequins
35:25 Bracer
37:00 Chemistry
38:13 Forging
37:59 Town Watch
38:53 Scale Barding Armor
40:52 Chain Barding Armor
40:08 Capped Ram
41:54 Iron Casting
43:34 Husbandry
Tocinito del Diablo
8:39 Feudal Age
8:56 Loom
9:33 Double-Bit Axe
13:42 Horse Collar
19:52 Castle Age
18:32 Bloodlines
18:42 Gold Mining
19:18 Scale Barding Armor
20:53 Chain Barding Armor
21:32 Forging
22:24 Light Cavalry
23:05 Husbandry
31:22 Fletching
41:20 Heavy Plow
41:34 Bow Saw
46:32 Imperial Age
46:40 Imperial Age
44:54 Marauders
47:03 Iron Casting
Connection lost

Rejoining the realm…

Still unreachable

The connection could not be restored.

Session expired

The server has moved on; the page needs a fresh start.